 Dungeon Crawl Stone Soup version 0.27-a0-1281-ge233d83751 (webtiles) character file.

Game seed: 10361413807124274535

3432 mandarbmax the Ducker (level 10, -1/63 HPs)
             Began as an Octopode Transmuter on June 13, 2021.
             Was an Elder of Cheibriados.
             Slain by an orc warrior (8 damage)
             ... in a bailey.
             The game lasted 00:26:06 (10200 turns).

mandarbmax the Ducker (Octopode Transmuter)        Turns: 10200, Time: 00:26:06

Health: -1/63      AC:  1    Str: 19    XL:     10   Next: 5%
Magic:  11/13      EV: 23    Int: 25    God:    Cheibriados [****..]
Gold:   429        SH:  0    Dex: 24    Spells: 3/13 levels left

rFire    . . .     SeeInvis .     - Unarmed
rCold    . . .     Faith    .   (no shield)
rNeg     . . .     Spirit   .   (helmet restricted)
rPois    .         Reflect  .   (no amulet)
rElec    .         Harm     .   b - +4 ring of slaying
rCorr    .         Rampage  .   t - ring of willpower
Will     +....                  h - +4 ring of evasion
Stlth    +++++.....             (no ring)
HPRegen  0.20/turn              (no ring)
MPRegen  0.13/turn              (no ring)
                                (no ring)
                                (no ring)

@: mighty, on berserk cooldown, slowed, very slow
A: almost no armour, amphibious, 8 rings, camouflage 1, gelatinous body 1,
(nimble swimmer 1), tentacles
a: Renounce Religion, Bend Time, Temporal Distortion, Slouch


You were in a bailey.
You worshipped Cheibriados.
Cheibriados was greatly pleased with you.
You visited 2 branches of the dungeon, and saw 11 of its levels.
You also visited: Sewer, Ossuary and Bailey.

You collected 429 gold pieces.

Inventory:

Missiles
 k - 2 throwing nets
 u - 8 curare-tipped darts
Jewellery
 b - a +4 ring of slaying (left tentacle)
 h - a +4 ring of evasion (on tentacle)
 t - a ring of willpower (right tentacle)
Wands
 n - a wand of polymorph (6)
 y - a wand of iceblast (8)
Scrolls
 c - a scroll of immolation {unknown}
 d - 3 scrolls of enchant weapon
 f - 2 scrolls of enchant armour
 i - a scroll of silence
 j - 5 scrolls of teleportation
 m - a scroll of magic mapping
 q - 2 scrolls of blinking
 v - a scroll of fog {unknown}
 x - a scroll of holy word {unknown}
 z - a scroll of brand weapon
 A - a scroll of fear
Potions
 a - 4 potions of flight
 e - 2 potions of resistance
 g - 3 potions of magic
 l - 4 potions of curing
 o - a potion of cancellation
 p - 2 potions of brilliance
 r - a potion of berserk rage
 s - 7 potions of heal wounds
 C - a potion of degeneration {unknown}


   Skills:
 - Level 4.0 Fighting
 + Level 7.9 Dodging
 - Level 6.0 Stealth
 + Level 7.9 Unarmed Combat
 - Level 2.0 Spellcasting
 - Level 5.0 Transmutations
 - Level 4.0 Poison Magic
 - Level 4.0 Evocations


You had 3 spell levels left.
You knew the following spells:

 Your Spells              Type           Power      Damage    Failure   Level
a - Beastly Appendage     Tmut           54%        N/A       1%          1
b - Wereblood             Tmut           27%        N/A       2%          2
c - Spider Form           Tmut/Pois      12%        N/A       5%          3
d - Ice Form              Ice/Tmut       15%        N/A       36%         4

Your spell library contained the following spells:

 Spells                   Type           Power      Damage    Failure   Level
 Animate Skeleton         Necr           4%         N/A       11%         1
 Magic Dart               Conj           8%         1d3       11%         1
 Pain                     Necr           8%         1d4       11%         1
 Shock                    Conj/Air       8%         1d3       11%         1
 Blink                    Tloc           N/A        N/A       17%         2
 Call Imp                 Summ           2%         N/A       17%         2
 Slow                     Hex            2%         N/A       17%         2
 Static Discharge         Conj/Air       2%         N/A       17%         2
 Mephitic Cloud           Conj/Pois/Air  9%         N/A       21%         3
 Conjure Flame            Conj/Fire      2%         6-21      32%         3
 Swiftness                Air            2%         N/A       32%         3
 Vampiric Draining        Necr           1%         2d6       32%         3
 Airstrike                Air            1%         N/A       73%         4
 Animate Dead             Necr           1%         N/A       73%         4
 Agony                    Necr           2%         N/A       97%         5
 Lightning Bolt           Conj/Air       1%         1d12      97%         5


Dungeon Overview and Level Annotations

Branches:
Dungeon (10/15)            Temple (1/1) D:4            Lair (0/6) D:9
  Sewer (visited)         Ossuary (visited)          Bailey (1/1)
    Orc: D:9-12

Altars:
Ashenzari
Cheibriados
Dithmenos
Elyvilon
Fedhas
Gozag
Hepliaklqana
Kikubaaqudgha
Makhleb
Nemelex Xobeh
Okawaru
Qazlal
Ru
Sif Muna
Trog
Uskayaw
Vehumet
Wu Jian
Xom
Yredelemnul
Zin
The Shining One

Annotations:
D:6 2 transporters, BartGarfuncle's ghost, novice VSFi
D:9 exclusion: statue


Innate Abilities, Weirdness & Mutations

You cannot wear most types of armour.
You are amphibious.
You can wear up to eight rings at the same time.
Your skin changes colour to match your surroundings (Stealth+).
Your rubbery body absorbs attacks. (AC +1, EV +1)
((You are camouflaged near water. (Stealth+)))
You have tentacles for arms and can constrict up to eight enemies at once.


Message History

The orc warrior is pulled toward you!
An orc warrior is nearby!
An orc warrior is nearby!
Aiming: Iceblast
Press: ? - help, Shift-Dir - straight line, f - orc warrior
Aim: an orc warrior, wielding a +0 halberd and wearing a +0 chain mail The mass of ice explodes!
The iceblast engulfs the orc warrior!
The orc warrior is heavily wounded.
The orc warrior is pulled toward you!
You feel less attractive to monsters.
You bludgeon the orc warrior!
You feel a bit better.
You kill the orc warrior!
Cheibriados appreciates the change of pace.
Your primal bloodlust is almost over.
An orc warrior opens the door.
An orc knight comes into view. It is wielding a +0 glaive.
An orc warrior comes into view.
It is wielding a +0 halberd and wearing a +2 plate armour of fire resistance.
Items here: ))) [[[ †.
Okay, then.
Okay, then.
There's nothing to close nearby.
Okay, then.
It was a potion of berserk rage.
A red film seems to cover your vision as you go berserk!
Cheibriados protects you from inadvertent hurry.
You feel mighty!
An orc warrior comes into view. It is wielding a +0 halberd.
You feel a strong urge to attack something.
The orc knight roars a battlecry!
The orc warriors go into a battle-frenzy!
Found 24 arrows.
There is a gate leading back out of this place here.
You feel your anger nearly subside.
You are no longer berserk.
You are exhausted.
You feel yourself slow down.
Your primal bloodlust has ended.
The orc warrior misses you.
The orc warrior hits you from afar with a +0 halberd!!
* * * LOW HITPOINT WARNING * * *
The orc warrior hits you from afar with a +0 halberd!
You die...

### #########∩##
##.....##.∩.#
#.o≈≈≈))#)))#
...#.≈≈.≈≈)......
...'o≈.@)≈.......≈.
(..#.≈≈.≈≈.......≈≈.≈
#.o≈≈≈..#...#..≈≈≈
##.....##...##....
#########∩## ####


You could see an orc knight and 2 orc warriors.

Vanquished Creatures
  Prince Ribbit (D:6)
  Eustachio (D:4)
  Duvessa (D:6)
  5 orc warriors (Bailey)
  An ice beast (D:6)
  A hornet zombie (D:6)
  An ogre (D:7)
  3 black bears
  3 centaurs
  A phantom (D:4)
  An elf zombie (Ossuary)
  3 kobold brigands (Sewer)
  Blork the orc (D:4)
  A wyvern zombie (D:5)
  9 killer bees
  An electric eel (D:7)
  2 howler monkeys
  A bullfrog zombie (D:5)
  A human zombie (Ossuary)
  2 jellies (D:6)
  An orc priest (D:4)
  6 hounds
  Natasha (thrice) (D:4)
  An orc wizard (D:3)
  A scorpion zombie (D:5)
  3 mummies (Ossuary)
  8 gnolls (D:3)
  A howler monkey skeleton (D:4)
  6 adders
  A river rat (Sewer)
  An ufetubus (D:5)
  An adder skeleton (D:4)
  3 adder zombies (Ossuary)
  5 worms
  3 dart slugs
  10 orcs
  7 ball pythons
  9 bats
  9 endoplasms
  2 giant cockroaches
  7 goblins
  4 hobgoblins
  6 jackals
  2 quokkas
  4 frilled lizards
  A goblin zombie (Ossuary)
  14 kobolds
  5 kobold zombies (Ossuary)
  3 quokka zombies (Ossuary)
  8 rats
  4 rat zombies (Ossuary)
179 creatures vanquished.

Vanquished Creatures (others)
  4 fungi (D:7)
4 creatures vanquished.

Grand Total: 183 creatures vanquished

Notes
Turn   | Place    | Note
-------+----------+-------------------------------------------
     0 | D:1      | mandarbmax the Octopode Transmuter began the quest for the
                  | Orb.
     0 | D:1      | Reached XP level 1. HP: 13/13 MP: 3/3
   284 | D:1      | Reached XP level 2. HP: 18/18 MP: 3/5
   817 | D:1      | Learned a level 2 spell: Wereblood
  1077 | D:2      | Found a faded altar of an unknown god.
  1212 | D:2      | Reached XP level 3. HP: 23/23 MP: 4/6
  2011 | D:2      | Learned a level 3 spell: Spider Form
  2343 | D:3      | Reached skill level 1 in Poison Magic
  2343 | D:3      | Reached XP level 4. HP: 9/28 MP: 2/7
  3180 | D:3      | Reached XP level 5. HP: 23/33 MP: 1/8
  3375 | D:3      | HP: 1/33 [hound (3)]
  3760 | D:4      | Noticed Natasha
  3769 | D:4      | Killed Natasha
  3770 | D:4      | Reached XP level 6. HP: 25/38 MP: 6/9
  4021 | D:4      | Noticed Natasha
  4029 | D:4      | Killed Natasha
  4064 | D:4      | Noticed Natasha
  4073 | D:4      | Killed Natasha
  4229 | D:4      | Noticed Eustachio
  4240 | D:4      | Killed Eustachio
  4241 | D:4      | Reached XP level 7. HP: 23/43 MP: 5/10
  4416 | D:4      | Found a staircase to the Ecumenical Temple.
  4418 | D:4      | Noticed Blork the orc
  4427 | Temple   | Entered the Ecumenical Temple
  4564 | Temple   | Became a worshipper of Cheibriados the Contemplative
  4767 | D:4      | Reached skill level 5 in Dodging
  4767 | D:4      | Reached skill level 5 in Unarmed Combat
  4777 | D:4      | Killed Blork the orc
  5190 | D:5      | Entered Level 5 of the Dungeon
  5382 | D:5      | Learned a level 4 spell: Ice Form
  5458 | D:5      | Reached XP level 8. HP: 48/48 MP: 7/11
  5973 | D:5      | Reached skill level 1 in Stealth
  5998 | D:5      | Reached * piety under Cheibriados
  6003 | D:5      | Reached skill level 1 in Evocations
  6423 | D:6      | Found a glowing drain.
  6444 | Sewer    | Entered a sewer
  7374 | Sewer    | Reached ** piety under Cheibriados
  7483 | D:6      | Reached skill level 5 in Stealth
  7957 | D:6      | Noticed Prince Ribbit
  8000 | D:6      | Killed Prince Ribbit
  8001 | D:6      | Reached XP level 9. HP: 54/54 MP: 8/12
  8347 | D:6      | Noticed BartGarfuncle's ghost (novice VSFi)
  8360 | D:6      | Noticed Sigmund
  8362 | D:6      | Noticed Dowan
  8370 | D:6      | Noticed Dowan
  8370 | D:6      | Dowan changed into Dowan the hobgoblin
  8375 | D:6      | Killed Dowan the hobgoblin
  8409 | D:6      | Found a transporter.
  8454 | D:6      | Noticed Duvessa
  8462 | D:6      | Killed Duvessa
  8463 | D:6      | Reached skill level 5 in Transmutations
  8463 | D:6      | Noticed Sigmund
  8463 | D:6      | Sigmund changed into Sigmund the killer bee
  8466 | D:6      | Killed Sigmund the killer bee
  8579 | D:6      | Found a transporter.
  9202 | D:7      | Found a sand-covered staircase.
  9210 | Ossuary  | Entered an ossuary
  9462 | Ossuary  | Reached *** piety under Cheibriados
  9844 | D:7      | You fall into a shaft and drop 3 floors!
  9844 | D:10     | Entered Level 10 of the Dungeon
 10010 | D:9      | Found a radiant altar of Vehumet.
 10116 | D:8      | Found a flagged portal.
 10162 | Bailey   | Entered a bailey
 10176 | Bailey   | Reached **** piety under Cheibriados
 10187 | Bailey   | Reached XP level 10. HP: 20/63 MP: 9/13
 10194 | Bailey   | Noticed an orc knight
 10200 | Bailey   | Slain by an orc warrior

Illustrated notes

Levels and vault maps discovered:
D:1:      mrwooster_arrival_arrow, layout_basic, serial_aquarium,
          aquarium_bridge_straight [aquarium_subvault_bridge,
          aquarium_subvault_balcony, aquarium_subvault_bridge,
          aquarium_subvault_wall], aquarium_window_3, aquarium_window_1,
          aquarium_window_2, aquarium_window_fake, aquarium_view_2d,
          aquarium_view_2f
D:2:      layout_basic, ebering_ecumenical_altar_hall, minmay_heptomino_h4
D:3:      layout_loops_cross, cheibrodos_gnoll_hut
D:4:      layout_basic, temple_pool_b, kennysheep_diamond, uniq_eustachio,
          uniq_natasha, uniq_blork_the_orc
D:5:      layout_gridville, hangedman_abyss_or_decor_stagger, minmay_circle_x
D:6:      layout_layer_cave, cheibrodos_sewer_entry_bend,
          gammafunk_ghost_stat_death, uniq_prince_ribbit1, uniq_duvessa,
          uniq_sigmund
D:7:      layout_loops_ring, nicolae_ossuary_entry_ruins, minmay_misc_feat_tiny,
          water_boxes_lemuel
D:8:      layout_basic, enter_bailey_5, minivault_21, grunt_decor_one_mirror,
          hangedman_decor_diamond_cutter, uniq_psyche
D:9:      wad_pebble_path, layout_loops_corners, vehumet_statue,
          david_lair_generic, uniq_grum
D:10:     layout_long_grid
Temple:   kilobyte_greek_temple
Bailey:   bailey_polearm_4, bailey

Skill      XL: |  1  2  3  4  5  6  7  8  9 |
---------------+----------------------------+-----
Unarmed Combat | 4 5 6 7 |  7.9
Transmutations | 3 4 5 |  5.0
Poison Magic   | 1 2 3 4 |  4.0
Dodging        | 3 4 5 6 7 |  7.9
Stealth        | 6 |  6.0
Evocations     | 4 |  4.0
Fighting       | 2 4 |  4.0
Spellcasting   | |  2.0

Action                   |  1- 3 |  4- 6 |  7- 9 | 10-12 || total
-------------------------+-------+-------+-------+-------++-------
Melee: Unarmed           |    71 |    96 |   323 |     1 ||   491
       Constrict         |    18 |     3 |    13 |       ||    34
       Kick              |    18 |       |       |       ||    18
       Tentacles         |     9 |     2 |    17 |       ||    28
       Punch             |     1 |       |     2 |       ||     3
 Cast: Beastly Appendage |    33 |     3 |     2 |       ||    38
       Wereblood         |     3 |     8 |    23 |       ||    34
       Spider Form       |     4 |    15 |    44 |       ||    63
Evoke: Wand              |       |       |     5 |     1 ||     6
  Use: Potion            |       |     5 |     5 |     1 ||    11
       Scroll            |       |     3 |    20 |       ||    23
 Stab: Sleeping          |     4 |     3 |     9 |       ||    16
       Distracted        |     1 |       |       |       ||     1
Armor: Skin              |     4 |     8 |    29 |       ||    41
Dodge: Dodged            |    48 |   100 |   307 |     1 ||   456

Table legend: (Time is in decaauts)
 A = Elapsed time spent in this place.
 B = Non-inter-level travel time spent in this place.
 C = Inter-level travel time spent in this place.
 D = Time resting spent in this place.
 E = Time spent auto-exploring this place.
 F = Levels seen in this place.
 G = Mean time per level.
                   A        B        C        D        E       F      G
               +--------+--------+--------+--------+--------+-----+--------+
         Total |  11386 |  11132 |    254 |   2086 |   7035 |  14 |  813.3 |
       Dungeon |   9690 |   9477 |    213 |   1644 |   6253 |  10 |  969.0 |
        Temple |    178 |    138 |     40 |      0 |    119 |   1 |  178.0 |
         Sewer |   1117 |   1117 |      0 |    438 |    449 |   1 | 1117.0 |
       Ossuary |    362 |    362 |      0 |      0 |    213 |   1 |  362.0 |
        Bailey |     38 |     38 |      0 |      4 |      0 |   1 |   38.0 |
               +--------+--------+--------+--------+--------+-----+--------+

Top non-repeatable levels by time:
     D:6: 2252 daAuts
     D:3: 1839 daAuts
     D:5: 1378 daAuts
     D:4: 1235 daAuts
     D:2: 1197 daAuts
   Sewer: 1117 daAuts
     D:1: 842 daAuts
     D:7: 542 daAuts
 Ossuary: 362 daAuts
     D:9: 308 daAuts
  Temple: 178 daAuts
     D:8: 71 daAuts
  Bailey: 38 daAuts
    D:10: 22 daAuts
